AoeStats
← YouMa

Arena

507819100Analyzed
4v4 RM · 14d ago on Sep 19, 2026· 38m 9s· 8 players
Game mode
Random Map
Map size
Large (8 player)
Population
200
Speed
Normal
Resources
Standard
Victory
Conquest
Starting age
Dark Age
Ending age
Imperial Age
RankedLock teamsTeams togetherTeam positionsShared explorationLock speedFull tech treeHidden civsTurbo modeCheats
Victory
Defeat
🇪🇸 Goths · Spain
879
+16
🇺🇦 Inca · Ukraine
854
+17
🇹🇷 Turks · Türkiye
828
+18
🇹🇷 Franks · Türkiye
751
+22
🇩🇪 Malay · Germany
970
-21
🇩🇪 Sicilians · Germany
883
-39
🇩🇪 Hindustanis · Germany
877
-18
🇺🇸 Armenians · United States
801
-15
DaviidWolf
11:52 Feudal Age
17:02 Castle Age
15:11 Double-Bit Axe
15:07 Horse Collar
18:50 Wheelbarrow
19:45 Forging
19:40 Squires
20:59 Scale Mail Armor
21:25 Heavy Plow
29:51 Gold Mining
33:12 Imperial Age
31:54 Fervor
32:37 Iron Casting
34:00 Chain Mail Armor
34:09 Hand Cart
35:28 Blast Furnace
37:31 Anarchy
Darbeli Matkap
10:43 Feudal Age
12:19 Double-Bit Axe
16:04 Wheelbarrow
21:06 Castle Age
20:22 Scale Barding Armor
20:10 Gold Mining
21:57 Bow Saw
22:24 Gold Shaft Mining
23:04 Husbandry
24:15 Chain Barding Armor
24:14 Hand Cart
27:47 Stone Mining
32:12 Loom
32:15 Town Watch
SevenLives <3
13:21 Feudal Age
19:15 Castle Age
17:22 Double-Bit Axe
17:18 Horse Collar
17:33 Gold Mining
24:10 Imperial Age
24:52 Bow Saw
Малая Токмачка
11:16 Feudal Age
9:31 Loom
15:07 Castle Age
13:02 Double-Bit Axe
13:28 Horse Collar
16:59 Bow Saw
23:48 Wheelbarrow
23:54 Pikeman
25:28 Scale Mail Armor
29:51 Imperial Age
27:11 Town Watch
27:46 Gold Mining
28:39 Heavy Plow
28:44 Stone Mining
29:36 Squires
30:10 Chain Mail Armor
31:48 Conscription
31:47 Forging
31:28 Fletching
31:54 Halberdier
33:54 Hand Cart
36:43 Plate Mail Armor
38:23 Iron Casting
37:41 Arson
38:00 Elite Kamayuk
YouMa
11:41 Feudal Age
16:38 Castle Age
19:10 Double-Bit Axe
19:20 Gold Mining
24:59 Imperial Age
23:20 Bow Saw
24:50 Gold Shaft Mining
26:47 Chemistry
33:24 Padded Archer Armor
33:15 Fletching
33:44 Fortified Wall
33:14 Elite Skirmisher
35:12 Bodkin Arrow
35:33 Leather Archer Armor
Oligodentrocyt[Mu$ho]
12:15 Feudal Age
17:49 Castle Age
20:04 Husbandry
22:17 Scale Barding Armor
Ulan
3:23 Loom
12:12 Feudal Age
12:44 Double-Bit Axe
16:15 Gold Mining
17:45 Wheelbarrow
18:30 Fletching
18:53 Forging
19:35 Town Watch
19:46 Stone Mining
26:40 Castle Age
29:03 Bodkin Arrow
29:49 Gold Shaft Mining
29:49 Stone Shaft Mining
29:04 Pikeman
32:46 Imperial Age
M Musashi
0:27 Loom
10:09 Feudal Age
10:39 Double-Bit Axe
15:57 Castle Age
16:24 Forging
16:23 Stone Mining
18:57 Horse Collar
20:11 Gold Mining
24:46 Squires
25:26 Heavy Plow
29:18 Wheelbarrow
28:37 Fletching
28:48 Padded Archer Armor
29:51 Iron Casting
29:55 Town Watch
31:56 Scale Mail Armor
Connection lost

Rejoining the realm…

Still unreachable

The connection could not be restored.

Session expired

The server has moved on; the page needs a fresh start.